 Dungeon Crawl Stone Soup version 0.28-a0-1002-gf00fe891ef (webtiles) character file.

Game seed: 17609780186283464143

6 croobank the Sneak (level 1, -1/10 HPs)
             Began as a Felid Delver on Dec 6, 2021.
             Slain by an adder (2 damage)
             ... on level 2 of the Dungeon.
             The game lasted 00:03:18 (427 turns).

croobank the Sneak (Felid Delver)                    Turns: 427, Time: 00:03:18

Health: -1/10      AC:  1    Str:  8    XL:     1   Next: 75%
Magic:  2/2        EV: 17    Int: 11    God:
Gold:   0          SH:  0    Dex: 17    Spells: 0/0 levels left
                                        Lives:  0   Deaths: 0

rFire   . . .      SeeInvis +     - Unarmed
rCold   . . .      Faith    .   (shield unavailable)
rNeg    . . .      Spirit   .   (armour unavailable)
rPois   .          Reflect  .   (helmet unavailable)
rElec   .          Harm     .   (cloak unavailable)
rCorr   .          Rampage  .   (gloves unavailable)
Will    .....                   (boots unavailable)
Stlth   ++++......              (no amulet)
HPRegen 0.03/turn               (no ring)
MPRegen 0.08/turn               (no ring)

@: hasted, very quick
A: very small, claws 1, fangs 3, see invisible, speed 1, shaggy fur 1, stealthy
paws, no weapons or thrown items, no armour, multi-lived
a: no special abilities


You were on level 2 of the Dungeon.
You visited 1 branch of the dungeon, and saw 4 of its levels.

Inventory:

Missiles
 g - 20 stones
Wands
 e - a wand of digging (3)
Scrolls
 a - a scroll of fog
 f - a scroll of identify {unknown}
 h - a scroll of teleportation {unknown}
 j - a scroll of blinking {unknown}
Potions
 i - a potion of cancellation {unknown}


   Skills:
 + Level 3.2 Fighting
 + Level 2.6 Dodging
 + Level 6.7 Stealth
 + Level 2.1 Unarmed Combat


You couldn't memorise any spells.
You didn't know any spells.
Your spell library was empty.

Dungeon Overview and Level Annotations

Branches:
Dungeon (5/15)
 Temple: D:4-7

Altars:


Innate Abilities, Weirdness & Mutations

You have sharp claws.
You have razor-sharp teeth.
You have supernaturally acute eyesight. (SInv)
You cover ground quickly. (Speed+)
You are covered in fur. (AC +1)
Your paws help you pounce on unaware monsters.
You are incapable of wielding weapons or throwing items.
You cannot wear armour.
You gain extra lives every three experience levels.


Message History

Ouch! That really hurt!
You are lethally poisoned!
The adder poisons you! The adder misses you.
You closely miss the adder.
* * * LOW HITPOINT WARNING * * *
You feel sick. The bat completely misses you. The adder misses you.
It was a potion of curing.
You feel better. The bat closely misses you. The adder barely misses you.
The bat completely misses you.
You scratch the adder but do no damage. The bat barely misses you.
The bat closely misses you. The adder bites you.
You barely miss the adder. The bat hits you but does no damage.
The bat hits you. The adder barely misses you. x2
You scratch the adder. You bite the adder.
The adder is moderately wounded.
The bat closely misses you. The bat misses you. The adder bites you.
* * * LOW HITPOINT WARNING * * *
You closely miss the adder. Your bite misses the adder.
The adder is moderately wounded.
The bat closely misses you. The bat misses you. The adder misses you.
As you read the scroll of fear, it crumbles to dust.
You assume a fearsome visage.
The adder looks frightened!
The bat looks frightened!
You start resting.
A worm is nearby!
You start resting.
An adder is nearby!
A goblin comes into view. It is wielding a +0 dagger.
The adder bites you.
* * * LOW HITPOINT WARNING * * *
You feel yourself speed up. The adder bites you.
* * * LOW HITPOINT WARNING * * *
Found a stone staircase leading down.
The goblin misses you.
You scratch the goblin.
The goblin is heavily wounded.
The goblin hits you with a +0 dagger.
* * * LOW HITPOINT WARNING * * *
You scratch the goblin. You bite the goblin.
You kill the goblin!
The adder bites you.
You die...

#. ##.#.#.# #
#.## #..#.#.#
#.#..###$##.#.#
.#...##.##.#.##
.........S.#...
####
#.....).....w#
>...
##.###.#####.#
#..######.###.#
#.#
#..)@S........#
#.#
#.#######.#####
##.# #.# #...
#.###### #...
#.##...###...
#.##.........
#.w.....w....
#............
##.......#...


You could see an adder.

Vanquished Creatures
  An endoplasm (D:4)
  A giant cockroach (D:2)
  3 goblins
  A kobold (D:2)
6 creatures vanquished.

Vanquished Creatures (others)
  2 fungi (D:5)
2 creatures vanquished.

Grand Total: 8 creatures vanquished

Notes
Turn   | Place    | Note
-------+----------+-------------------------------------------
     0 | D:5      | croobank the Felid Delver began the quest for the Orb.
     0 | D:5      | Reached XP level 1. HP: 10/10 MP: 2/2
    43 | D:5      | Noticed a jelly
   269 | D:4      | Noticed an iguana
   427 | D:2      | Slain by an adder

Illustrated notes

Levels and vault maps discovered:
D:2:      layout_loops_ring, minmay_hexomino_p4
D:3:      layout_rooms, serial_shops, shop, grunt_decor_arrowhead,
          grunt_decor_junction, hangedman_decor_clover_reticule
D:4:      layout_gridville, minmay_temple_entry_statues_fountains, uniq_grinder,
          uniq_edmund, uniq_eustachio
D:5:      layout_basic, serial_aquarium, aquarium_bridge_long_joined
          [aquarium_subvault_wall, aquarium_subvault_bridge,
          aquarium_subvault_wall, aquarium_subvault_window,
          aquarium_subvault_bridge, aquarium_subvault_bridge],
          aquarium_bridge_square [aquarium_subvault_wall,
          aquarium_subvault_wall, aquarium_subvault_wall,
          aquarium_subvault_bridge], aquarium_window_2, aquarium_window_fake,
          aquarium_window_fake, aquarium_view_2a, aquarium_view_2b

Action                   || total
-------------------------++-------
Melee: Unarmed           ||    18
       Bite              ||     3
  Use: Scroll            ||     2
       Potion            ||     2
 Stab: Sleeping          ||     2
Armor: Skin              ||     1
Dodge: Dodged            ||    19

Table legend: (Time is in decaauts)
 A = Elapsed time spent in this place.
 B = Non-inter-level travel time spent in this place.
 C = Inter-level travel time spent in this place.
 D = Time resting spent in this place.
 E = Time spent auto-exploring this place.
 F = Levels seen in this place.
 G = Mean time per level.
                   A        B        C        D        E       F      G
               +--------+--------+--------+--------+--------+-----+--------+
         Total |    371 |    371 |      0 |    115 |    100 |   4 |   92.8 |
       Dungeon |    371 |    371 |      0 |    115 |    100 |   4 |   92.8 |
               +--------+--------+--------+--------+--------+-----+--------+

Top non-repeatable levels by time:
     D:4: 202 daAuts
     D:2: 82 daAuts
     D:5: 72 daAuts
     D:3: 13 daAuts
